cohdb
Replays
Latest Replays
All Replays
Popular Replays
Top Player Replays
Match Explorer
How It Works
Community
CoH3 Stats
Reddit
Sign in to upload your games and track your stats! →
Sign in with Steam
Match 42415267
Unlisted
Match 42415267
Overview
Messages
Build Orders
End
Panzerpioneer Squad
Kradschützen Motorcycle Team
Selects Panzerjäger Kommand Battlegroup
Selects Mine Fields
Panzergrenadier Squad
Construct Light Support Kompanie
Panzerjäger Squad
Fire Support Elements
Assault Mechanized Group
Assault Grenadier Squad
Flakvierling Half-track
2.5-tonne Medical Truck
Construct Panzerarmee Kommand
Assault Grenadier Squad
Thank You Chef
Malin
0
0
Comments
sign in to comment!
No comments posted yet!